Map: Ephemeron LE

Players

TheoRy

  • Race: Protoss Protoss
  • Spawn Location: 5:00

uThermal - Winner!

  • Race: Terran Terran
  • Spawn Location: 11:00

VOD

Have the link to the VOD?

Description

Time

  • Played on: Sept. 6, 2019, 12:30 p.m.
  • Length: 13:02
Show
View Real Time Build Order
Export as new Build Order

TheoRy Protoss 

Build Orders: Colossus Rush 

Get SALT Encoding   

  12  0:00  Probe  
  13  0:13  Probe  
  14  0:18  Pylon  
  14  0:25  Probe  
  15  0:33  Probe  
  15  0:35  Pylon  
  15  0:41  Probe  
  17  0:53  Gateway, Probe  
  18  0:59  Assimilator  
  18  1:05  Probe  
  19  1:17  Probe  
  20  1:29  Probe  
  20  1:31  Zealot  
  21  1:42  Cybernetics Core  
  23  1:54  Nexus  
  23  1:56  Probe  
  24  2:07  Assimilator  
  24  2:09  Probe  
  24  2:10  Stalker  
  24  2:12  Pylon  
  27  2:24  Probe  
  27  2:27  Warp Gate  
  28  2:36  Probe  
  26  2:48  Probe  
  24  3:00  Probe  
  24  3:07  Probe  
  24  3:12  Probe  
  26  3:15  Probe, Stalker  
  27  3:23  Probe  
  27  3:24  Probe  
  31  3:34  Probe  
  31  3:36  Probe  
  31  3:38  Robotics Facility  
  33  3:46  Probe  
  34  3:48  Probe  
  34  3:55  Gateway  
  35  3:58  Probe  
  35  4:00  Probe  
  37  4:10  Probe  
  37  4:12  Probe  
  37  4:15  Gateway  
  39  4:19  Observer  
  39  4:21  Stalker  
  39  4:22  Probe  
  42  4:25  Probe  
  42  4:31  Probe  
  44  4:34  Assimilator, Robotics Bay  
  44  4:36  Assimilator  
  44  4:37  Probe  
  46  4:39  Probe  
  46  4:40  Pylon  
  47  4:46  Sentry  
  47  4:49  Immortal, Probe  
  54  4:58  Probe  
  55  5:00  Pylon  
  55  5:05  Pylon  
  55  5:08  Stalker  
  55  5:09  Stalker  
  55  5:11  Colossus  
  59  5:18  Probe, Extended Thermal Lance  
  66  5:31  Sentry  
  68  5:44  Stalker  
  68  5:45  Stalker  
  72  5:50  Pylon  
  72  5:52  Pylon  
  72  5:53  Gateway  
  72  6:07  Observer  
  72  6:08  Gateway  
  72  6:09  Colossus, Gateway  
  72  6:10  Pylon  
  72  6:25  Zealot x2  
  82  6:43  Gateway  
  82  6:47  Pylon  
  76  7:05  Warp Prism, Probe  
  76  7:08  Pylon, Stalker x5  
  81  7:23  Twilight Council  
  81  7:25  Pylon  
  79  7:30  Probe  
  79  7:36  Forge  
  78  7:52  Probe  
  78  7:53  Probe  
  80  8:03  Forge  
  80  8:04  Nexus  
  80  8:06  Pylon  
  80  8:07  Pylon  
  80  8:10  Dark Shrine  
  80  8:11  Pylon  
  80  8:15  Protoss Ground Weapons Level 1  
  80  8:22  Pylon  
  80  8:24  Stalker  
  80  8:27  Probe, Stalker  
  77  8:30  Probe  
  77  8:31  Pylon  
  71  8:39  Probe  
  73  8:45  Probe  
  73  8:46  Blink  
  74  8:52  Probe  
  75  8:59  Pylon  
  75  9:00  Probe  
  76  9:05  Probe  
  77  9:10  Adept  
  77  9:12  Adept  
  77  9:15  Probe  
  80  9:18  Probe  
  80  9:19  Probe  
  80  9:22  Protoss Ground Armor Level 1  
  80  9:23  Probe  
  84  9:33  Probe  
  85  9:41  Dark Templar x3  
  91  9:47  Adept  
  91  9:52  Stalker  
  90  9:53  Probe  
  90  9:54  Probe  
  85  10:00  Probe  
  85  10:02  Probe  
  85  10:05  Probe  
  87  10:07  Stalker  
  87  10:12  Probe x2  
  87  10:23  Probe  
  87  10:27  Probe x2  
  90  10:32  Probe  
  90  10:39  Probe x2  
  90  10:40  Probe  
  89  10:43  Photon Cannon  
  89  10:47  Probe  
  89  10:48  Probe, Charge  
  90  10:51  Probe  
  90  10:55  Probe  
  93  11:00  Probe  
  93  11:03  Probe  
  96  11:09  Stalker x2  
  100  11:12  Probe x2  
  102  11:23  Stalker x3  
  108  11:27  Stalker  
  103  11:33  Probe  
  103  11:34  Probe x2  
  104  11:45  Probe  
  104  11:46  Probe  
  106  11:49  Photon Cannon  
  106  11:53  Adept x2  
  110  11:55  Probe  
  110  11:57  Probe  
  110  12:11  Stalker x3  
  110  12:12  Probe  
  109  12:18  Adept x2  
  103  12:28  Stalker  
  103  12:29  Probe  
  94  12:34  Probe  
  95  12:41  Probe x2  
  98  12:58  Dark Templar x2  
Show
View Real Time Build Order
Export as new Build Order

uThermal Terran - Winner!

Build Orders: Reaper Expand, Mech 

Get SALT Encoding   

  12  0:01  SCV  
  13  0:13  SCV  
  14  0:16  Supply Depot  
  14  0:25  SCV  
  15  0:38  SCV  
  15  0:39  Barracks  
  16  0:42  Refinery  
  16  0:50  SCV  
  17  1:02  SCV  
  18  1:14  SCV  
  19  1:27  Orbital Command, Reaper  
  20  1:43  Command Center  
  20  1:53  SCV  
  21  1:56  Supply Depot  
  21  1:59  Marine  
  22  2:05  SCV  
  23  2:12  Bunker  
  23  2:17  Marine  
  23  2:18  SCV  
  23  2:22  Factory  
  25  2:27  Command Center  
  24  2:35  Marine  
  25  2:37  SCV  
  25  2:49  SCV  
  26  2:53  Marine  
  27  3:01  Refinery  
  27  3:02  Supply Depot, SCV  
  28  3:10  Starport, Factory Tech Lab  
  28  3:14  SCV  
  29  3:24  Barracks Reactor  
  29  3:26  SCV  
  30  3:37  Bunker  
  30  3:38  SCV  
  31  3:43  Cyclone  
  34  3:51  SCV  
  35  4:00  Orbital Command  
  35  4:02  Command Center  
  35  4:03  SCV  
  36  4:15  Siege Tank, SCV  
  40  4:18  Refinery  
  40  4:20  Refinery  
  40  4:25  SCV  
  40  4:26  Supply Depot  
  40  4:27  SCV  
  40  4:29  Marine  
  40  4:30  Marine  
  44  4:35  Viking  
  46  4:39  SCV x2  
  48  4:47  Marine x2  
  48  4:51  SCV  
  48  4:52  Siege Tank  
  54  4:55  SCV  
  55  5:03  SCV  
  55  5:05  Viking, Marine x2  
  60  5:07  SCV  
  61  5:14  Orbital Command  
  61  5:17  SCV  
  61  5:19  SCV  
  62  5:23  Marine x2  
  62  5:26  Cyclone, Mag-Field Accelerator  
  67  5:29  SCV  
  67  5:31  SCV  
  67  5:33  Supply Depot  
  69  5:40  SCV  
  69  5:41  SCV  
  71  5:47  Factory  
  71  5:49  SCV  
  72  5:53  Barracks Tech Lab, SCV  
  72  5:56  Supply Depot  
  73  5:58  Supply Depot, Cyclone  
  73  6:01  Orbital Command, SCV  
  73  6:04  Engineering Bay  
  77  6:05  Factory, SCV  
  78  6:17  SCV  
  79  6:18  Factory  
  79  6:19  Factory, SCV  
  80  6:28  SCV  
  80  6:31  Cyclone, Refinery  
  80  6:32  Refinery  
  84  6:35  Missile Turret  
  84  6:38  SCV  
  84  6:39  Missile Turret  
  85  6:40  SCV  
  85  6:41  SCV  
  85  6:46  Siege Tank  
  90  6:50  SCV  
  90  6:52  SCV  
  76  7:03  Siege Tank  
  76  7:05  Factory Reactor, Factory Tech Lab, SCV  
  76  7:06  SCV  
  76  7:08  Orbital Command  
  72  7:13  Hellion x2  
  71  7:22  Siege Tank  
  73  7:25  Siege Tank  
  73  7:28  Orbital Command  
  70  7:35  Siege Tank, Hellion x2  
  77  7:37  Command Center  
  77  7:42  Hellion  
  76  7:51  Hellion  
  77  7:54  Supply Depot, Hellion  
  77  7:56  Hellion x2  
  77  7:57  Hellion  
  85  8:03  Hellion  
  85  8:05  Infernal Pre-Igniter  
  86  8:07  Supply Depot, Hellion  
  86  8:08  Supply Depot  
  86  8:12  Viking, Hellion  
  92  8:19  Missile Turret  
  92  8:20  Hellion  
  92  8:24  Hellion  
  92  8:26  Orbital Command  
  96  8:28  Hellion  
  96  8:34  Siege Tank, Hellion  
  97  8:36  SCV  
  96  8:46  Hellion  
  96  8:48  Armory  
  98  8:53  SCV x2  
  102  8:55  Siege Tank  
  102  8:56  Hellion  
  102  8:58  Hellion  
  102  9:01  SCV  
  108  9:05  SCV, Hellion  
  108  9:09  Hellion  
  113  9:10  Hellion  
  113  9:15  Hellion  
  117  9:17  Hellion  
  117  9:20  Hellion  
  117  9:23  Refinery  
  119  9:25  Supply Depot, SCV  
  119  9:30  Hellion  
  120  9:35  Siege Tank  
  120  9:36  Hellion  
  121  9:41  SCV x2  
  121  9:44  Terran Vehicle Weapons Level 1, SCV  
  124  9:48  Siege Tank  
  124  9:52  Hellion  
  127  9:56  Hellion  
  125  10:03  SCV  
  125  10:06  SCV  
  125  10:07  Sensor Tower  
  125  10:08  Sensor Tower  
  125  10:10  Hellion x4  
  125  10:11  Hellion  
  125  10:13  Hellion  
  125  10:17  Missile Turret  
  118  10:22  Missile Turret  
  118  10:24  Hellion  
  118  10:30  Missile Turret  
  118  10:32  Hellion  
  118  10:36  Hellion x3  
  118  10:43  Siege Tank, Hellion  
  118  10:48  SCV x2  
  125  10:51  Siege Tank  
  125  10:56  Hellion  
  124  10:57  Hellion  
  124  11:04  Liberator  
  124  11:06  Hellion  
  124  11:07  Hellion  
  126  11:15  Siege Tank  
  126  11:16  Factory Tech Lab  
  126  11:18  Hellion  
  132  11:26  Supply Depot  
  132  11:28  Missile Turret  
  132  11:33  Siege Tank  
  132  11:35  Hellion  
  132  11:37  Hellion  
  133  11:46  Supply Depot  
  133  11:48  Hellion x2  
  133  11:50  Barracks Tech Lab, Supply Depot, Ghost Academy  
  135  12:01  Siege Tank  
  135  12:02  Hellion  
  135  12:04  Siege Tank  
  135  12:06  Hellion  
  135  12:08  Hellion  
  142  12:10  Hellion x2  
  142  12:22  Ghost  
  134  12:23  Hellion  
  134  12:27  Siege Tank  
  137  12:34  Hellion  
  135  12:45  Command Center  
Tags
 
Composition
Mech
Matchup
PvT
Spawn Locations
Cross Positions
Add a new tag
Caveats
  • Supply blocks, unpowered buildings, or Contaminate may cause inaccurate times.
  • Supply counts are checked every 10 seconds.